 Dungeon Crawl Stone Soup version 0.27-a0-972-gd1521fd518 (webtiles) character file.

Game seed: 9531524546317341946

98 Morbidden the Skirmisher (level 4, -1/38 HPs)
             Began as a Demigod Fighter on Apr 13, 2021.
             Slain by a goblin
             ... wielding a +0 dagger
             ... led by Robin
              (3 damage)
             ... on level 3 of the Dungeon.
             The game lasted 00:02:58 (2408 turns).

Morbidden the Skirmisher (Demigod Fighter)          Turns: 2408, Time: 00:02:59

Health: -1/38      AC:  7    Str: 27    XL:     4   Next: 20%
Magic:  8/8        EV:  7    Int: 10    God:
Gold:   117        SH: 10    Dex: 13    Spells: 5/5 levels left

rFire    . . .     SeeInvis .   k - +0 short sword (venom)
rCold    . . .     Faith    .   c - +0 kite shield
rNeg     . . .     Spirit   .   b - +0 scale mail
rPois    .         Reflect  .   (no helmet)
rElec    .         Harm     .   (no cloak)
rCorr    .         Rampage  .   (no gloves)
Will     .....                  o - +0 pair of boots
Stlth    ..........             (no amulet)
HPRegen  0.12/turn              m - +6 ring of strength
MPRegen  0.11/turn              (no ring)

@: no status effects
A: high mp 1, forlorn
a: no special abilities


You were on level 3 of the Dungeon.
You visited 1 branch of the dungeon, and saw 3 of its levels.

You collected 117 gold pieces.

Inventory:

Hand Weapons
 a - a +0 long sword
 k - a +0 short sword of venom (weapon)
Missiles
 l - a throwing net (quivered)
Armour
 b - a +0 scale mail (worn)
 c - a +0 kite shield (worn)
 o - a +0 pair of boots (worn)
Jewellery
 m - a +6 ring of strength (left hand)
Scrolls
 f - a scroll of noise {unknown}
 g - 2 scrolls of identify {unknown}
 j - a scroll of brand weapon {unknown}
 n - a scroll of holy word {unknown}
Potions
 d - a potion of might
 e - a potion of degeneration {unknown}
 h - 2 potions of haste {unknown}
 i - a potion of attraction {unknown}


   Skills:
 * Level 3.3 Fighting
 + Level 2.3 Long Blades
 + Level 3.1 Armour
 + Level 0.2 Dodging
 + Level 0.1 Stealth
 + Level 3.1 Shields
 * Level 0.1 Unarmed Combat
 * Level 1.2 Spellcasting


You had 5 spell levels left.
You didn't know any spells.
Your spell library contained the following spells:

 Spells                   Type           Power      Damage    Failure   Level
 Freeze                   Ice            0%         1d3       98%         1
 Conjure Flame            Conj/Fire      0%         6-21      100%        3
 Frozen Ramparts          Ice            0%         1d2       100%        3
 Inner Flame              Hex/Fire       0%         N/A       100%        3
 Hailstorm                Conj/Ice       0%         3d3       100%        4
 Simulacrum               Ice/Necr       0%         N/A       100%        6


Dungeon Overview and Level Annotations

Branches:
Dungeon (3/15)

Annotations:
D:3 Robin


Innate Abilities, Weirdness & Mutations

Your attributes grow dramatically as you level up.
You have an increased reservoir of magic. (+10% MP)
You shall have no god before yourself.


Message History

The goblin closely misses you. The goblin barely misses you.
The goblin barely misses you. The goblin hits you with a +4 dagger.
Robin throws the goblin at you!
You hit the goblin.
You kill the goblin!
The goblin hits you with a +0 dagger. The goblin hits you but does no damage.
Robin says, "My army is invincible!"
You block the goblin's attack.
You closely miss the goblin. The goblin hits you with a +4 dagger.
Robin throws the goblin at you! The goblin closely misses you.
The goblin barely misses you.
You are too injured to fight recklessly!
You are too injured to fight recklessly!
You are too injured to fight recklessly!
You hit the goblin.
The goblin is severely wounded.
You block the goblin's attack.
Robin says, "Duck!"
The goblin hits you with a +0 dagger. The goblin hits you but does no damage.
The goblin hits you with a +4 dagger.
* * * LOW HITPOINT WARNING * * *
You closely miss the goblin.
The goblin is severely wounded.
The goblin no longer looks unusually strong. x4
The goblin hits you but does no damage. The goblin hits you with a +0 club.
* * * LOW HITPOINT WARNING * * *
You block the goblin's attack. x2
Unknown command.
You barely miss the goblin.
The goblin is severely wounded.
The goblin hits you with a +0 club.
* * * LOW HITPOINT WARNING * * *
The goblin hits you but does no damage. The goblin barely misses you.
You barely miss the goblin.
The goblin is severely wounded.
The hobgoblin no longer looks unusually strong.
The goblin no longer looks unusually strong.
The hobgoblin no longer looks unusually strong.
You block the goblin's attack. x2; The goblin hits you with a +0 dagger.
You die...

.##.#.#.##..##.#
.....(.......#.##
#.....##...#..#
#.............#
#.....######..#
###.#.#≈≈≈≈'..#
#.#.#≈⌠>≈#.## #
#.#≈_.≈#g# ##+#.#≈≈≈
#@## ##....######gg#
##..........ggg####
##...>...#..gggg...#
###(...........)...?.#
..').................#
###†.......<.........#
##.......#.........#
##.....##.........#


You could see Robin, 2 hobgoblins and 7 goblins.

Vanquished Creatures
  3 adders
  4 worms
  2 dart slugs
  2 orcs
  4 bats
  An endoplasm (D:3)
  A giant cockroach (D:2)
  7 goblins
  4 hobgoblins
  4 quokkas
  5 ball pythons
  5 frilled lizards
  8 kobolds
  6 rats
56 creatures vanquished.

Notes
Turn   | Place    | Note
-------+----------+-------------------------------------------
     0 | D:1      | Morbidden the Demigod Fighter began the quest for the Orb.
     0 | D:1      | Reached XP level 1. HP: 18/18 MP: 3/3
   324 | D:1      | Reached XP level 2. HP: 22/26 MP: 4/4
  1170 | D:2      | Reached skill level 1 in Spellcasting
  1170 | D:2      | Reached XP level 3. HP: 26/31 MP: 5/7
  1361 | D:2      | Identified the Handbook of the Glacial Blaze
  2308 | D:3      | Reached XP level 4. HP: 38/38 MP: 8/8
  2393 | D:3      | Noticed Robin
  2408 | D:3      | Slain by a goblin

Illustrated notes

Levels and vault maps discovered:
D:1:      elethiomel_arrival_shortcut, layout_basic, corexii_corridor_pit,
          skrybe_limestone_x
D:2:      layout_basic, st_stairs_6
D:3:      layout_loops_corners, general_overflow_altar,
          lemuel_coloured_pillars_altar, lemuel_doored_altar, uniq_robin

Skill      XL: |  1  2  3 |
---------------+----------+-----
Fighting       | 3 |  3.3
Shields        | 3 |  3.1
Long Blades    | 2 |  2.3
Spellcasting   | 1 |  1.2
Armour         | 3 |  3.1
Dodging        | |  0.2
Stealth        | |  0.1
Unarmed Combat | |  0.1

Action                   |  1- 3 |  4- 6 || total
-------------------------+-------+-------++-------
Melee: Long sword        |   154 |       ||   154
       Short sword       |     3 |    20 ||    23
Armor: Scale mail        |    79 |    16 ||    95
Dodge: Dodged            |    62 |    15 ||    77
Block: Kite shield       |    86 |    21 ||   107
       Rpst.: Long sword |    22 |       ||    22

Table legend: (Time is in decaauts)
 A = Elapsed time spent in this place.
 B = Non-inter-level travel time spent in this place.
 C = Inter-level travel time spent in this place.
 D = Time resting spent in this place.
 E = Time spent auto-exploring this place.
 F = Levels seen in this place.
 G = Mean time per level.
                   A        B        C        D        E       F      G
               +--------+--------+--------+--------+--------+-----+--------+
         Total |   2495 |   2445 |     50 |      0 |   1999 |   3 |  831.7 |
       Dungeon |   2495 |   2445 |     50 |      0 |   1999 |   3 |  831.7 |
               +--------+--------+--------+--------+--------+-----+--------+

Top non-repeatable levels by time:
     D:1: 1117 daAuts
     D:2: 1060 daAuts
     D:3: 317 daAuts
